 Dungeon Crawl Stone Soup version 0.17.0-56-gd8de76c (webtiles) character file.

2828 Hildebrand the Skirmisher (level 9, -10/74 HPs)
             Began as a Demonspawn Gladiator on Dec 4, 2015.
             Mangled by a hill giant
             ... wielding a +0 giant club
              (35 damage)
             ... on level 8 of the Dungeon on Dec 5, 2015.
             The game lasted 00:34:46 (8388 turns).

Hildebrand the Skirmisher (Demonspawn Gladiator)    Turns: 8388, Time: 00:34:46

Health: -10/74     AC: 10    Str: 19    XL:     9   Next: 45%
Magic:  9/9        EV: 14    Int: 13    God:
Gold:   447        SH:  0    Dex: 18    Spells: 0 memorised, 8 levels left

rFire  + . .     SeeInvis .     B - +1 war axe of Hipaopp {chop, Dex+4}
rCold  . . .     Clarity  .     A - +2 ring mail {rF+}
rNeg   . . .     SustAt   .     (no shield)
rPois  .         Gourm    .     (helmet restricted)
rElec  .         Spirit   .     (no cloak)
rCorr  .         Warding  .     (no gloves)
rMut   .         Stasis   .     i - +0 pair of boots
MR     .....                    (no amulet)
Stlth  ++++......               y - +4 ring of intelligence
                                c - ring of stealth

@: not resistant to hostile enchantments, stealthy
A: antennae 2, icy blue scales 1, nightstalker 2
a: no special abilities


You were on level 8 of the Dungeon.
You were not hungry.

You visited 2 branches of the dungeon, and saw 9 of its levels.

You collected 447 gold pieces.

Inventory:

Hand Weapons
 a - a +1 war axe
 l - a +0 battleaxe
 B - the +1 war axe of Hipaopp (weapon) {chop, Dex+4}
   (You found it on level 7 of the Dungeon)

   It inflicts extra damage upon your enemies.
   It affects your dexterity (+4).
Missiles
 d - 3 throwing nets (quivered)
Armour
 b - a +0 chain mail
 i - a +0 pair of boots (worn)
 A - a +2 ring mail of fire resistance (worn)
Jewellery
 c - a ring of stealth (left hand)
 p - an uncursed ring of protection from fire
 y - a +4 ring of intelligence (right hand)
Scrolls
 f - 4 scrolls of remove curse
 o - a scroll of teleportation
 s - a scroll of recharging
 w - a scroll of fear
Potions
 g - 2 potions of agility
 j - a potion of heal wounds
 k - 4 potions of flight
 m - 2 potions of might
 n - a potion of degeneration {unknown}
 q - a potion of cure mutation {unknown}
 r - 2 potions of beneficial mutation {unknown}
 x - 4 potions of curing {unknown}
Comestibles
 e - 5 bread rations
 h - 6 chunks of flesh
 u - 6 fruits
 v - a beef jerky
 z - 2 meat rations
 C - a slice of pizza


   Skills:
 * Level 7.9 Fighting
 * Level 7.6 Axes
 - Level 1.7 Throwing
 + Level 4.4 Armour
 + Level 5.4 Dodging


You had 8 spell levels left.
You didn't know any spells.

Dungeon Overview and Level Annotations

Branches:
Dungeon (8/15)             Temple (1/1) D:7
   Lair: D:8-11

Altars:
Ashenzari
Cheibriados
Dithmenos
Elyvilon
Fedhas
Gozag
Kikubaaqudgha
Makhleb
Nemelex Xobeh
Okawaru
Qazlal
Ru
Sif Muna
Trog
Vehumet
Xom
Zin
The Shining One

Shops:
D:6 [


Innate Abilities, Weirdness & Mutations

You have a pair of antennae on your head.
You are partially covered in icy blue scales (AC +1).
You are significantly more attuned to the shadows.


Message History

The hill giant hits you with a giant club!!
Huge Dmg: -31%(-23hp) hp: 69%(51hp)
You hit the hill giant.
The hill giant is moderately wounded.
The hill giant hits you with a giant club!!
Huge Dmg: -35%(-26hp) hp: 34%(25hp)
You completely miss the hill giant.
The hill giant is moderately wounded.
The hill giant hits you with a giant club.
Damage: -1%(-1hp) hp: 33%(24hp)
You slash the hill giant!
The hill giant is heavily wounded.
The hill giant hits you but does no damage.
You slash the hill giant!
The hill giant is severely wounded.
The hill giant misses you.
You slash the hill giant!
The hill giant is almost dead.
The hill giant hits you with a giant club!!
You die...

#.#.###
#.#...##
......#
#.....#
#.....#
#...#
##C##
#@# #.#
#.# #.#
#.#
###.#
##.#
.#.#
#..# {
..# #.##
#.#
######.#


You could see a hill giant.

Vanquished Creatures
  A hill giant (D:7)
  A hippogriff (D:7)
  2 orc warriors (D:6)
  A sky beast (D:6)
  3 ice beasts
  A black bear (D:6)
  A centaur (D:5)
  2 phantoms
  An ogre (D:5)
  2 giant frogs (D:6)
  2 scorpions
  A crimson imp (D:3)
  A centaur zombie (D:5)
  3 orc wizards
  A centaur skeleton (D:6)
  A gnoll shaman (D:7)
  3 orc priests
  A giant frog zombie (D:7)
  5 worker ants
  5 hounds
  A giant frog skeleton (D:7)
  Terence (D:3)
  A quasit (D:5)
  A hound zombie (D:6)
  A hound skeleton (D:4)
  A mummy (D:4)
  A worker ant zombie (D:7)
  6 gnolls
  8 adders
  3 shadow imps
  An ooze (D:1)
  An adder skeleton (D:4)
  A worm (D:5)
  9 giant geckos
  22 orcs
  2 ball pythons
  3 goblins
  7 hobgoblins
  10 jackals
  9 bats
  2 giant cockroaches
  2 giant gecko skeletons
  10 giant newts
  A hobgoblin zombie (D:4)
  9 kobolds
  2 kobold zombies (D:4)
  An orc zombie (D:4)
  4 quokkas
  9 rats
167 creatures vanquished.

Notes
Turn   | Place    | Note
--------------------------------------------------------------
     0 | D:1      | Hildebrand the Demonspawn Gladiator began the quest for the Orb.
     0 | D:1      | Reached XP level 1. HP: 16/16 MP: 1/1
   134 | D:1      | Gained mutation: You have a pair of small antennae on your head. [demonic ancestry]
   134 | D:1      | Reached XP level 2. HP: 14/23 MP: 2/2
   665 | D:1      | Reached skill level 3 in Axes
  1054 | D:2      | Gained mutation: You are partially covered in icy blue scales (AC +1). [demonic ancestry]
  1054 | D:2      | Reached XP level 3. HP: 19/28 MP: 3/3
  1274 | D:2      | Huge Dmg: 3 dmg
  1497 | D:2      | Found a blossoming altar of Fedhas.
  1588 | D:2      | Found a sacrificial altar of Ru.
  1837 | D:3      | Noticed Terence
  1851 | D:3      | Killed Terence
  1851 | D:3      | Reached skill level 1 in Armour
  1851 | D:3      | Reached XP level 4. HP: 28/35 MP: 4/4
  2107 | D:3      | Gained mutation: You are slightly more attuned to the shadows. [demonic ancestry]
  2107 | D:3      | Reached XP level 5. HP: 41/41 MP: 5/5
  2459 | D:3      | Huge Dmg: 9 dmg
  2464 | D:3      | Huge Dmg: 12 dmg
  2467 | D:3      | Huge Dmg: 7 dmg
  2468 | D:3      | HP: 2/41 [gnoll/halberd of freezing (1)]
  2469 | D:3      | Huge Dmg: 7 dmg
  2774 | D:3      | Huge Dmg: 7 dmg
  2917 | D:3      | You fall through a shaft for 2 floors!
  2917 | D:5      | Entered Level 5 of the Dungeon
  2917 | D:5      | Noticed an ice beast
  2933 | D:5      | Huge Dmg: 9 dmg
  2934 | D:5      | Killed an ice beast
  2934 | D:5      | Reached skill level 4 in Fighting
  2934 | D:5      | Gained mutation: You have a pair of antennae on your head. [demonic ancestry]
  2934 | D:5      | Reached XP level 6. HP: 29/48 MP: 6/6
  3181 | D:5      | Noticed an ogre
  3190 | D:5      | Huge Dmg: 11 dmg
  3191 | D:5      | Huge Dmg: 8 dmg
  3194 | D:5      | Killed an ogre
  3459 | D:5      | Noticed a phantom
  3470 | D:5      | Killed a phantom
  3505 | D:5      | Reached XP level 7. HP: 53/55 MP: 7/7
  3516 | D:5      | Huge Dmg: 14 dmg
  3749 | D:5      | Noticed a centaur
  3751 | D:5      | Huge Dmg: 12 dmg
  3758 | D:5      | Killed a centaur
  3758 | D:5      | Reached skill level 5 in Axes
  3883 | D:4      | Reached skill level 5 in Fighting
  3901 | D:4      | Huge Dmg: 11 dmg
  4783 | D:4      | Huge Dmg: 11 dmg
  5002 | D:4      | Gained mutation: You are significantly more attuned to the shadows. [demonic ancestry]
  5002 | D:4      | Reached XP level 8. HP: 58/63 MP: 8/8
  5195 | D:4      | Found a snail-covered altar of Cheibriados.
  5791 | D:6      | Reached skill level 6 in Fighting
  5935 | D:6      | Huge Dmg: 15 dmg
  5949 | D:6      | Huge Dmg: 15 dmg
  5951 | D:6      | Huge Dmg: 7 dmg
  5954 | D:6      | Huge Dmg: 7 dmg
  5955 | D:6      | Huge Dmg: 7 dmg
  6383 | D:6      | Huge Dmg: 21 dmg
  6387 | D:6      | Huge Dmg: 12 dmg
  6392 | D:6      | Huge Dmg: 9 dmg
  6394 | D:6      | Huge Dmg: 9 dmg
  6431 | D:6      | Huge Dmg: 8 dmg
  6798 | D:6      | Reached skill level 7 in Fighting
  6798 | D:6      | Reached skill level 5 in Dodging
  6803 | D:6      | Reached XP level 9. HP: 68/72 MP: 9/9
  6864 | D:6      | Found Fosek's Armour Shoppe.
  7288 | D:7      | Got a crude war axe
  7349 | D:7      | Identified the +1 war axe of Hipaopp {chop, Dex+4} (You found it on level 7 of the Dungeon)
  7371 | D:7      | Noticed a hill giant
  7374 | D:7      | Huge Dmg: 33 dmg
  7382 | D:7      | Huge Dmg: 19 dmg
  7384 | D:7      | Huge Dmg: 30 dmg
  7387 | D:7      | Killed a hill giant
  7857 | D:7      | Found a staircase to the Ecumenical Temple.
  7983 | Temple   | Entered the Ecumenical Temple
  8063 | D:7      | Huge Dmg: 36 dmg
  8378 | D:8      | Noticed a hill giant
  8382 | D:8      | Huge Dmg: 23 dmg
  8383 | D:8      | Huge Dmg: 26 dmg
  8388 | D:8      | Mangled by a hill giant

Action                   |  1- 3 |  4- 6 |  7- 9 || total
-------------------------+-------+-------+-------++-------
Melee: War axe           |   144 |   152 |   326 ||   622
       Battleaxe         |       |       |    35 ||    35
  Use: Scroll            |    10 |       |    10 ||    20
       Potion            |       |     1 |     6 ||     7
 Stab: Sleeping          |       |       |    15 ||    15
       Distracted        |       |       |     1 ||     1
  Eat: Chunk             |     3 |     3 |     7 ||    13
       Bread ration      |       |     1 |     2 ||     3
